 Dungeon Crawl Stone Soup version 0.21.0-25-ge575cb9 (webtiles) character file.

14006 komo4ek the Basher (level 12, 0/76 HPs)
             Began as a Gargoyle Fighter on Jan 25, 2018.
             Was a High Priest of the Shining One.
             Killed from afar by a raiju (5 damage)
             ... with a living lightning
             ... on level 3 of the Abyss.
             The game lasted 00:25:13 (9999 turns).

komo4ek the Basher (Gargoyle Fighter)               Turns: 9999, Time: 00:25:13

Health: 0/76       AC: 33    Str: 26    XL:     12   Next: 12%
Magic:  18/18      EV:  6    Int: 10    God:    the Shining One [*****.]
Gold:   188        SH: 12    Dex:  9    Spells: 11/11 levels left

rFire    . . .     SeeInvis +   t - +4 flail
rCold    + + .     Gourm    .   c - +0 shield
rNeg     + + +     Faith    .   l - +8 plate armour of Gaotoluo {*Contam rC++ Str+2}
rPois    ∞         Spirit   .   n - +0 helmet
rElec    +         Reflect  .   (no cloak)
rCorr    .         Harm     .   B - +0 pair of gloves
MR       .....                  (no boots)
Stlth    ..........             (no amulet)
HPRegen  0.22/turn              a - ring of see invisible
MPRegen  0.16/turn              (no ring)

@: glowing
A: negative energy resistance 1, electricity resistance, unbreathing,
petrification resistance, rot immunity, AC +8
a: Divine Shield, Cleansing Flame, Summon Divine Warrior, Renounce Religion


You were on level 3 of the Abyss.
You worshipped the Shining One.
The Shining One was extremely pleased with you.
You were not hungry.

You visited 1 branch of the dungeon, and saw 9 of its levels.
You visited the Abyss 1 time.
You also visited: Ossuary.

You collected 488 gold pieces.
You spent 300 gold pieces at shops.

Inventory:

Hand Weapons
 t - a +4 flail (weapon)
 G - a cursed +3 flail
Armour
 c - a +0 shield (worn)
 l - the +8 plate armour of Gaotoluo (worn) {*Contam rC++ Str+2}
   (You found it on level 7 of the Dungeon)

   It affects your strength (+2).
   It greatly protects you from cold.
   It causes magical contamination when unequipped.
 n - a +0 helmet (worn)
 B - a +0 pair of gloves (worn)
Jewellery
 a - a ring of see invisible (left hand)
 b - a cursed ring of teleportation {unknown}
 F - an uncursed amulet of faith {unknown}
Wands
 x - a wand of disintegration (13)
 D - a wand of flame (55)
Scrolls
 e - 3 scrolls of remove curse
 i - 3 scrolls of immolation
 k - 3 scrolls of magic mapping
 m - 3 scrolls of amnesia {unknown}
 p - 3 scrolls of blinking {unknown}
 q - 4 scrolls of enchant weapon {unknown}
 u - a scroll of identify
 w - a scroll of teleportation {unknown}
 A - a scroll of random uselessness {unknown}
 H - a scroll of enchant armour {unknown}
Potions
 h - a potion of experience {unknown}
 j - 2 potions of mutation
 r - 2 potions of flight
 s - 5 potions of curing
 v - 2 potions of resistance {unknown}
 z - 2 potions of invisibility {unknown}
 C - 3 potions of agility
 E - a potion of magic {unknown}
Books
 y - a book of Misfortune

   Spells                             Type                      Level
   a - Confusing Touch                Hexes                        1
   b - Confuse                        Hexes                        3
   c - Gell's Gravitas                Translocation                3
   d - Petrify                        Transmutation/Earth          4
   e - Metabolic Englaciation         Hexes/Ice                    5
   f - Yara's Violent Unravelling     Hexes/Transmutation          5
Comestibles
 f - 16 rations


   Skills:
 + Level 9.4 Fighting
 + Level 11.2 Maces & Flails
 + Level 9.4 Armour
 + Level 9.4 Shields
 + Level 8.4 Invocations


You had 11 spell levels left.
You didn't know any spells.

Dungeon Overview and Level Annotations

Branches:
Dungeon (9/15)             Temple (0/1) D:7
   Lair: D:8-11         Orc: D:9-12

Altars:
Ashenzari
Elyvilon
Fedhas
Gozag
Makhleb
Trog
Uskayaw
Vehumet
Wu Jian
The Shining One

Shops:
D:6 (   D:7 !

Annotations:
D:9 raph's ghost, novice MfIE


Innate Abilities, Weirdness & Mutations

You are resistant to torment.
Your stone body is resilient. (AC +8)
You are immune to poison.
You resist negative energy. (rN+)
You are resistant to electric shocks. (rElec)
You can survive without breathing.
You are immune to petrification.
You are immune to rotting.


Message History

The raiju bursts into living lightning!
The living lightning hits the raiju.
The raiju completely resists.
The living lightning misses the raiju.
The living lightning hits you! You resist.
* * * LOW HITPOINT WARNING * * *
The raiju blinks! x2
The raiju bursts into living lightning!
The living lightning hits the raiju.
The raiju completely resists.
The living lightning hits you! You resist.
* * * LOW HITPOINT WARNING * * *
The raiju blinks!
The raiju bursts into living lightning!
The living lightning misses you.
The raiju blinks!
The raiju bites you.
* * * LOW HITPOINT WARNING * * *
The raiju shocks you. You resist.
* * * LOW HITPOINT WARNING * * *
Found 31 gold pieces and 20 bolts.
The raiju bursts into living lightning!
The living lightning hits you! You resist.
You die...

.
#.#...........
. #...#.......#
##.#.......#..#
..# ....h.h...
. #.#..§...####
.≈≈
#...#......#
≈≈≈.#
#h..#.##....#
......##.###..#
.. ≈≈≈....@.#
#.. .
=≈≈≈.....##.##*
..≈≈#..#.$#. ..
.≈≈≈h...###.
... ≈ ≈....# ##
.#.# ####.≈
#.#. (.≈ . .#
....


You could see 3 raiju.

Vanquished Creatures
  A balrug (Abyss:2)
  Erolcha (D:9)
  Erica (D:9)
  A two-headed ogre (D:8)
  A death yak (D:9)
  The ghost of pstr the Geomancer, a novice NaEE of Cheibriados (D:7)
  Maurice (D:8)
  A centaur skeleton (D:9)
  5 polar bears (D:9)
  A hornet (D:7)
  Prince Ribbit (D:7)
  A hippogriff (D:7)
  A wyvern (D:8)
  A small abomination (Abyss:2)
  A yak (D:9)
  4 hogs (D:7)
  A human (D:7)
  2 wraiths (Ossuary)
  2 large abominations (Abyss:2)
  Duvessa (D:5)
  2 orc warriors
  4 black bears
  3 ice beasts (D:9)
  2 necrophages
  2 wolves (D:9)
  4 centaurs
  An ogre (D:7)
  The ghost of komo4ek the Cudgeler, an amateur GrFi (D:3)
  A big kobold (D:7)
  3 bullfrogs
  A gnoll sergeant (D:5)
  Dowan (D:5)
  3 scorpions
  5 howler monkeys
  17 wights
  2 electric eels (D:9)
  3 crimson imps
  A bullfrog zombie (D:8)
  5 hounds
  A quasit (D:5)
  2 jellies
  7 orc wizards
  A gnoll shaman (D:6)
  7 orc priests
  A bullfrog skeleton (D:6)
  3 iguanas
  9 worker ants
  A bullfrog simulacrum (D:9)
  A hound skeleton (D:6)
  7 gnolls
  5 adders
  A hound simulacrum (D:9)
  A shadow imp (D:4)
  5 white imps (D:9)
  An ufetubus (D:9)
  2 oozes
  An adder skeleton (D:2)
  4 worms
  2 dart slugs
  4 leopard geckos
  39 orcs
  2 ball pythons (D:3)
  6 giant cockroaches
  6 goblins
  9 hobgoblins
  12 kobolds
  4 quokkas
  A ball python skeleton (Ossuary)
  4 bats
  5 frilled lizards
  A giant cockroach zombie (D:2)
  3 goblin skeletons (D:5)
  A hobgoblin skeleton (Ossuary)
  5 hobgoblin zombies
  A kobold skeleton (D:5)
  5 kobold zombies
  A leopard gecko zombie (D:2)
  5 orc skeletons
  2 orc zombies
  A quokka zombie (D:9)
  4 rats
273 creatures vanquished.

Vanquished Creatures (collateral kills)
  A thrashing horror (Abyss:2)
  A storm dragon zombie (Abyss:2)
  A large abomination (Abyss:2)
  2 raiju (Abyss:2)
  2 small abominations (Abyss:2)
7 creatures vanquished.

Vanquished Creatures (others)
  A bush (D:8)
  2 starspawn tentacles (Abyss:2)
3 creatures vanquished.

Grand Total: 283 creatures vanquished

Notes
Turn   | Place    | Note
-------+----------+-------------------------------------------
     0 | D:1      | komo4ek the Gargoyle Fighter began the quest for the Orb.
     0 | D:1      | Reached XP level 1. HP: 14/14 MP: 1/1
   411 | D:1      | Reached XP level 2. HP: 19/19 MP: 2/2
   986 | D:2      | Found an opulent altar of Gozag.
  1012 | D:2      | Reached XP level 3. HP: 22/23 MP: 3/3
  1223 | D:2      | Reached skill level 3 in Maces & Flails
  1416 | D:2      | Reached XP level 4. HP: 22/29 MP: 4/4
  1605 | D:2      | Found a blossoming altar of Fedhas.
  2203 | D:3      | Reached skill level 4 in Maces & Flails
  2216 | D:3      | Reached XP level 5. HP: 23/33 MP: 5/5
  2417 | D:3      | Noticed komo4ek's ghost (amateur GrFi)
  2431 | D:3      | Killed komo4ek's ghost
  2431 | D:3      | Reached skill level 5 in Maces & Flails
  2623 | D:3      | Reached XP level 6. HP: 38/38 MP: 6/6
  3175 | D:4      | Reached skill level 6 in Maces & Flails
  3267 | D:4      | Reached XP level 7. HP: 32/42 MP: 7/7
  3757 | D:5      | Entered Level 5 of the Dungeon
  3829 | D:5      | Found a white marble altar of Elyvilon.
  3875 | D:5      | Reached skill level 7 in Maces & Flails
  3997 | D:5      | Found a glowing golden altar of the Shining One.
  4091 | D:5      | Found a glowing golden altar of the Shining One.
  4133 | D:5      | Became a worshipper of the Shining One
  4142 | D:5      | Noticed Dowan
  4148 | D:5      | Killed Dowan
  4150 | D:5      | Noticed Duvessa
  4173 | D:5      | Killed Duvessa
  4187 | D:5      | Reached skill level 8 in Maces & Flails
  4264 | D:5      | Reached XP level 8. HP: 32/48 MP: 8/8
  4276 | D:5      | Reached skill level 1 in Invocations
  4763 | D:6      | Reached * piety under the Shining One
  5044 | D:6      | Reached ** piety under the Shining One
  5115 | D:6      | Reached skill level 5 in Armour
  5146 | D:6      | Found Ataumot's Weapon Shoppe.
  5162 | D:6      | Reached skill level 5 in Fighting
  5162 | D:6      | Reached skill level 5 in Shields
  5666 | D:7      | Found a burning altar of Makhleb.
  5670 | D:7      | Reached XP level 9. HP: 53/54 MP: 11/11
  5706 | D:7      | Reached skill level 9 in Maces & Flails
  5713 | D:7      | Noticed Prince Ribbit
  5727 | D:7      | Killed Prince Ribbit
  5923 | D:7      | Found a bloodstained altar of Trog.
  6040 | D:7      | Found a staircase to the Ecumenical Temple.
  6127 | D:7      | Noticed pstr's ghost (novice NaEE)
  6127 | D:7      | Reached *** piety under the Shining One
  6158 | D:7      | Killed pstr's ghost
  6158 | D:7      | Reached skill level 5 in Invocations
  6158 | D:7      | Reached XP level 10. HP: 61/61 MP: 13/13
  6166 | D:7      | Got a brightly glowing plate armour
  6177 | D:7      | Identified the +8 plate armour of Gaotoluo {*Contam rC++ Str+2} (You found it on level 7 of the Dungeon)
  6229 | D:7      | Found a sand-covered staircase.
  6246 | Ossuary  | Entered an ossuary
  6403 | Ossuary  | Reached **** piety under the Shining One
  6563 | D:7      | Found Jiucoas's Distillery.
  6568 | D:7      | Bought a potion of might for 60 gold pieces
  6568 | D:7      | Bought a potion of heal wounds for 75 gold pieces
  6568 | D:7      | Bought a potion of berserk rage for 75 gold pieces
  6568 | D:7      | Bought 2 potions of curing for 90 gold pieces
  6827 | D:7      | Found a bloodstained altar of Trog.
  7040 | D:7      | Reached skill level 10 in Maces & Flails
  7193 | D:8      | Noticed a two-headed ogre
  7361 | D:8      | Found a radiant altar of Vehumet.
  7490 | D:8      | Noticed Maurice
  7532 | D:8      | Killed Maurice
  7685 | D:8      | Found the +8 Wrath of Trog {antimagic, *Rage}
  7791 | D:8      | Killed a two-headed ogre
  7842 | D:8      | Reached XP level 11. HP: 68/68 MP: 15/15
  7873 | D:8      | Found an ornate altar of the Wu Jian Council.
  7873 | D:8      | Found a shattered altar of Ashenzari.
  8126 | D:9      | Found a hide-covered altar of Uskayaw.
  8193 | D:9      | Noticed a death yak
  8205 | D:9      | Noticed raph's ghost (novice MfIE)
  8205 | D:9      | Reached ***** piety under the Shining One
  8211 | D:9      | Killed a death yak
  8365 | D:9      | Noticed Erica
  8386 | D:9      | Killed Erica
  8415 | D:9      | Noticed Erolcha
  8566 | D:9      | Killed Erolcha
  9543 | D:9      | Cast into level 2 of the Abyss (raph's ghost)
  9610 | Abyss:2  | Noticed a tentacled starspawn
  9615 | Abyss:2  | Noticed a green death
  9646 | Abyss:2  | Noticed a large abomination
  9744 | Abyss:2  | Noticed a balrug
  9752 | Abyss:2  | Killed a large abomination
  9752 | Abyss:2  | Reached skill level 11 in Maces & Flails
  9762 | Abyss:2  | Killed a balrug
  9844 | Abyss:2  | Noticed a thrashing horror
  9846 | Abyss:2  | Killed a thrashing horror
  9846 | Abyss:2  | Reached XP level 12. HP: 58/76 MP: 18/18
  9993 | Abyss:3  | Noticed a wretched star
  9999 | Abyss:3  | Killed from afar by a raiju

Skill      XL: |  1  2  3  4  5  6  7  8  9 10 11 |
---------------+----------------------------------+-----
Maces & Flails | 3 4 5 6 8 9 10 11 | 11.2
Fighting       | 5 6 7 9 |  9.4
Armour         | 5 6 7 9 |  9.4
Shields        | 5 6 7 9 |  9.4
Invocations    | 3 5 6 8 |  8.4

Action                   |  1- 3 |  4- 6 |  7- 9 | 10-12 || total
-------------------------+-------+-------+-------+-------++-------
Melee: Flail             |   132 |   229 |   382 |   416 ||  1159
Invok: Divine Shield     |       |       |       |     1 ||     1
       Summon Divine War |       |       |       |     1 ||     1
       Cleansing Flame   |       |       |       |     2 ||     2
  Use: Scroll            |     1 |     5 |     1 |     5 ||    12
       Potion            |       |     1 |       |     9 ||    10
  Eat: Chunk             |     2 |     3 |     6 |     1 ||    12
       Ration            |       |     1 |     1 |     4 ||     6
Armor: Scale mail        |    61 |    49 |       |       ||   110
       Plate armour      |       |    67 |   294 |   261 ||   622
Dodge: Dodged            |    47 |    53 |    86 |    91 ||   277
Block: Shield            |    75 |    97 |   214 |   247 ||   633
